 Dungeon Crawl Stone Soup version 0.21.1-1-g345015f (webtiles) character file.

75 diana the Shield-Bearer (level 4, -6/36 HPs)
             Began as a Formicid Fighter on June 8, 2018.
             Killed by divine providence
             ... invoked by an orc priest
              (17 damage)
             ... on level 3 of the Dungeon.
             The game lasted 00:02:12 (1581 turns).

diana the Shield-Bearer (Formicid Fighter)          Turns: 1581, Time: 00:02:13

Health: -6/36      AC:  8    Str: 21    XL:     4   Next: 55%
Magic:  4/4        EV: 13    Int:  8    God:
Gold:   62         SH: 10    Dex: 15    Spells: 3/3 levels left

rFire    . . .     SeeInvis +   a - +0 trident
rCold    . . .     Gourm    .   c - +0 shield
rNeg     . . .     Faith    .   b - +0 scale mail
rPois    .         Spirit   .   (helmet unavailable)
rElec    .         Reflect  .   n - +0 cloak {MR+}
rCorr    .         Harm     .   (no gloves)
MR       +....                  (no boots)
Stlth    +.........             (no amulet)
HPRegen  0.12/turn              (no ring)
MPRegen  0.09/turn              (no ring)

@: agile, flying
A: permanent stasis, dig shafts and tunnels, four strong arms, antennae 3
a: Dig, Shaft Self


You were on level 3 of the Dungeon.
You were not hungry.

You visited 1 branch of the dungeon, and saw 3 of its levels.

You collected 62 gold pieces.

Inventory:

Hand Weapons
 a - a +0 trident (weapon)
Armour
 b - a +0 scale mail (worn)
 c - a +0 shield (worn)
 n - a +0 cloak of magic resistance (worn)
Wands
 s - a wand of digging (13)
Scrolls
 e - a scroll of immolation {unknown}
 j - a scroll of fog {unknown}
 k - 3 scrolls of teleportation {unknown}
 o - a scroll of blinking {unknown}
 p - 4 scrolls of identify {unknown}
 q - 2 scrolls of remove curse {unknown}
Potions
 d - a potion of might
 g - a potion of agility
 h - 2 potions of flight
 i - 2 potions of curing
 l - 2 potions of magic {unknown}
 m - a potion of ambrosia {unknown}
 r - a potion of lignification {unknown}
Comestibles
 f - 6 rations
 t - 8 chunks of flesh


   Skills:
 - Level 3.6 Fighting
 * Level 3.5 Polearms
 - Level 3.6 Armour
 - Level 4.2 Shields


You had 3 spell levels left.
You didn't know any spells.

Dungeon Overview and Level Annotations

Branches:
Dungeon (3/15)

Altars:
Ashenzari


Innate Abilities, Weirdness & Mutations

You cannot be hasted, slowed, berserked, paralysed or teleported.
You can dig through walls and to a lower floor.
Your four strong arms can wield two-handed weapons with a shield.
You have a pair of large antennae on your head. (SInv)


Message History

You puncture the orc!
You kill the orc!
A goblin comes into view. It is wielding a dagger.
You closely miss the orc priest.
The orc priest is severely wounded.
The orc wizard hits you but does no damage.
The orc priest hits you but does no damage.
The goblin shouts!
You hit the orc priest but do no damage.
The orc priest is severely wounded.
The orc wizard barely misses you. You block the orc priest's attack.
The orc wizard hits you but does no damage.
The orc priest closely misses you.
You closely miss the orc priest.
The orc priest is severely wounded.
The orc wizard hits you but does no damage.
You block the orc wizard's attack.
The orc priest invokes the aid of Beogh against you.
Beogh smites you!
You die...

##########
###.......<##
#............
###............
#####.............[
#o@...#.........(..
#o####.......>....#
#o #..#.........#
#g #..#.#.#......
.. #..#.#.##.....
#. #..#.#.##..###
#. #..#.#.##..# #.
##..........#
#.......##..#


You could see an orc priest, an orc wizard (invisible), an orc and a goblin.

Vanquished Creatures
  3 adders
  2 worms
  A leopard gecko (D:1)
  5 orcs (D:3)
  6 bats
  A giant cockroach (D:1)
  5 goblins
  2 hobgoblins
  4 jackals (D:2)
  A kobold (D:1)
  3 frilled lizards
  4 rats
37 creatures vanquished.

Notes
Turn   | Place    | Note
-------+----------+-------------------------------------------
     0 | D:1      | diana the Formicid Fighter began the quest for the Orb.
     0 | D:1      | Reached XP level 1. HP: 18/18 MP: 1/1
   195 | D:1      | Found a shattered altar of Ashenzari.
   222 | D:1      | Reached XP level 2. HP: 20/24 MP: 2/2
   624 | D:2      | Reached skill level 4 in Shields
   624 | D:2      | Reached XP level 3. HP: 29/29 MP: 3/3
  1340 | D:2      | Reached XP level 4. HP: 36/36 MP: 4/4
  1581 | D:3      | Killed from afar by an orc priest

Skill      XL: |  1  2  3  4 |
---------------+-------------+-----
Shields        | 4 |  4.2
Polearms       | 3 |  3.5
Fighting       | |  3.6
Armour         | |  3.6

Action                   |  1- 3 |  4- 6 || total
-------------------------+-------+-------++-------
Melee: Trident           |   124 |    46 ||   170
  Use: Potion            |       |     3 ||     3
  Eat: Chunk             |     1 |     1 ||     2
Armor: Scale mail        |    40 |    18 ||    58
Dodge: Dodged            |    34 |    11 ||    45
Block: Shield            |    74 |    25 ||    99
